 Dungeon Crawl Stone Soup version 0.30-a0-172-gc5509c9e31 (webtiles) character file.

Game seed: 7474708452217940438

828 qw the Chopper (level 7, 0/44 HPs)
             Began as a Gargoyle Fighter on Oct 1, 2022.
             Slain by a gnoll
             ... wielding a +0 halberd
              (2 damage)
             ... on level 5 of the Dungeon.
             The game lasted 00:01:19 (3517 turns).

qw the Chopper (Gargoyle Fighter)                   Turns: 3517, Time: 00:01:19

Health: 0/44       AC: 16    Str: 22    XL:     7   Next: 97%
Magic:  7/7        EV:  7    Int:  8    God:
Gold:   262        SH:  4    Dex:  9    Spells: 6/6 levels left

rFire   . . .      SeeInvis .    Y - +2 war axe
rCold   . . .      Faith    .    c - +0 buckler
rNeg    + . .      Spirit   .    g - +0 chain mail
rPois   inf        Reflect  .    q - +0 helmet
rElec   +          Harm     .    (no cloak)
rCorr   .          Rampage  .    o - +0 pair of gloves
Will    .....                    (no boots)
Stlth   ..........               f - amulet of the acrobat
HPRegen 0.27/turn                (no ring)
MPRegen 0.10/turn                (no ring)

@: about to teleport
A: sickness immunity, AC +4, negative energy resistance 1, electricity
resistance, torment resistance 1, petrification resistance
a: no special abilities


You were on level 5 of the Dungeon.
You visited 1 branch of the dungeon, and saw 5 of its levels.

You collected 262 gold pieces.


Innate Abilities, Weirdness & Mutations

You are immune to sickness and miasma.
Your stone body is resilient. (AC +4)
You are immune to poison.
You resist negative energy. (rN+)
You are resistant to electric shocks. (rElec)
You are resistant to unholy torment.
You are immune to petrification.


   Skills:
 - Level 5.3 Fighting
 - Level 7.0 Axes
 + Level 0.5 Throwing
 - Level 3.2 Armour
 - Level 1.2 Dodging
 - Level 3.2 Shields


You had 6 spell levels left.
You didn't know any spells.
Your spell library was empty.

Inventory:

Hand Weapons
 r - a +2 flail of pain
 Y - a +2 war axe (weapon)
Missiles
 b - 4 boomerangs (quivered)
Armour
 c - a +0 buckler (worn)
 g - a +0 chain mail (worn)
 o - a +0 pair of gloves (worn)
 q - a +0 helmet (worn)
Jewellery
 f - an amulet of the acrobat (around neck)
 s - a ring of magical power
Scrolls
 a - a scroll of identify
Potions
 d - 2 potions of might
 e - a potion of brilliance {unknown}
 h - 3 potions of curing
 i - 2 potions of lignification
 k - a potion of berserk rage {unknown}
 l - a potion of invisibility {unknown}
 m - a potion of magic {unknown}
 n - 2 potions of degeneration {unknown}
 p - a potion of flight {unknown}

Dungeon Overview and Level Annotations

Branches:
Dungeon (5/15)
 Temple: D:4-7

Altars:
Ashenzari
Kikubaaqudgha
Vehumet
Xom

Annotations:
D:3 4 runed translucent doors, qw's ghost, amateur GrFi


Message History

You hit the gnoll. You block the gnoll's attack.
The gnoll completely misses you. The gnoll closely misses you.
The gnoll hits you with a +0 whip. You block the gnoll's attack.
You hit the gnoll.
You kill the gnoll!
You hit the gnoll. The gnoll hits you but does no damage.
The gnoll closely misses you.
The gnoll hits you from afar with a +0 halberd.
The gnoll hits you but does no damage.
You closely miss the gnoll.
The gnoll is severely wounded.
You block the gnoll's attack.
The gnoll hits you but does no damage. x2
The gnoll hits you from afar with a +0 halberd.
The gnoll barely misses you. You block the gnoll's attack.
The gnoll hits you but does no damage. x2
3511 ||| READING 3 scrolls of teleportation.
As you read the scroll of teleportation, it crumbles to dust.
You feel strangely unstable. The gnoll hits you but does no damage.
The gnoll barely misses you. You block the gnoll's attack.
The gnoll hits you from afar with a +0 spear.
You slice the gnoll!!
You kill the gnoll!
The gnoll hits you from afar with a +0 spear.
The gnoll hits you but does no damage. x2
You barely miss the worm.
Your surroundings seem slightly different.
3514 ||| READING 2 scrolls of teleportation.
As you read the scroll of teleportation, it crumbles to dust.
You feel strangely unstable. The gnoll closely misses you.
The gnoll completely misses you. The gnoll misses you.
You closely miss the gnoll.
Your surroundings seem slightly different.
3517 ||| READING scroll of teleportation.
As you read the scroll of teleportation, it crumbles to dust.
You feel strangely unstable.
The gnoll hits you from afar with a +0 halberd.
You die...

#.........##.#
#.........##.##
#.....[...#...##
........)....#
##......)...##
#....w#.)#)##
#..#.gg......
#..#..#.##..#.###
#.....@.g...#'#
####....>..>...
#.######.... #..
...... #.. ...
.... . ###. ##


You could see a worm and 3 gnolls.

Vanquished Creatures
  Grinder (D:4)
  Edmund (D:4)
  A centaur (D:5)
  Blork the orc (D:4)
  2 necrophages (D:4)
  A howler monkey (D:5)
  A hound (D:5)
  An iguana (D:5)
  4 gnolls (D:5)
  6 adders
  3 worms (D:2)
  3 orcs
  7 ball pythons
  3 bats
  3 bat zombies (D:4)
  8 endoplasms
  5 goblins
  5 hobgoblins
  3 jackals
  3 quokkas
  4 frilled lizards
  5 kobolds
  3 rats
  2 rat zombies (D:4)
76 creatures vanquished.

Notes
Turn   | Place    | Note
-------+----------+-------------------------------------------
     0 | D:1      | qw the Gargoyle Fighter began the quest for the Orb.
     0 | D:1      | Reached XP level 1. HP: 14/14 MP: 1/1
     0 | D:1      | 0 ||| qw: Version: 0.2-a-13-gfc7b4b4
     0 | D:1      | 0 ||| qw: Game counter: 1793
     0 | D:1      | 0 ||| qw: Always use a shield: true
     0 | D:1      | 0 ||| qw: God list: Okawaru
     0 | D:1      | 0 ||| qw: Allow faded altars: false
     0 | D:1      | 0 ||| qw: Do Orc after D:15 true
     0 | D:1      | 0 ||| qw: Do second Lair branch before Depths: true
     0 | D:1      | 0 ||| qw: Lair rune preference: random
     0 | D:1      | 0 ||| qw: Plans: Normal, Zot:1-4, God:TSO, Crypt, Tomb,
                  | Pan, Slime:5, Hells, Abyss, Orb
     0 | D:1      | 0 ||| PLANNING D:1-11
   180 | D:1      | Reached skill level 2 in Axes
   194 | D:1      | 194 ||| Stepping ~*~*~tactically~*~*~ (stealth).
   247 | D:1      | Reached XP level 2. HP: 19/19 MP: 2/2
   971 | D:1      | 971 ||| UPGRADING to +0 chain mail.
   981 | D:1      | 981 ||| DROPPING +0 scale mail.
   982 | D:1      | 982 ||| READING 2 scrolls labelled JIF WIQOCACK.
   983 | D:1      | 983 ||| READING 3 scrolls labelled HIBOS CIYMOS.
   987 | D:1      | 987 ||| READING 2 scrolls labelled YCSULA NUDIMY.
   988 | D:1      | 988 ||| READING scroll of enchant weapon.
   988 | D:1      | 988 ||| ENCHANTING +1 war axe.
   989 | D:1      | 989 ||| DRINKING 2 smoky purple potions.
  1075 | D:2      | Reached skill level 3 in Axes
  1075 | D:2      | Reached XP level 3. HP: 21/23 MP: 3/3
  1100 | D:2      | Found a faded altar of an unknown god.
  1653 | D:2      | 1653 ||| READING scroll labelled FEEMINU HICLO.
  1754 | D:2      | 1754 ||| DRINKING 3 amethyst potions.
  1775 | D:3      | Found a shimmering altar of Xom.
  1901 | D:3      | Reached XP level 4. HP: 26/28 MP: 4/4
  1912 | D:3      | Reached skill level 4 in Axes
  1968 | D:3      | Found a broken altar of Ashenzari.
  1998 | D:3      | 1998 ||| DROPPING +0 club.
  2012 | D:3      | Found a large runed translucent door.
  2014 | D:3      | Found a large runed translucent door.
  2312 | D:3      | Found a large runed translucent door.
  2312 | D:3      | Found a large runed translucent door.
  2315 | D:3      | Noticed qw's ghost (amateur GrFi)
  2471 | D:3      | 2471 ||| UPGRADING to +0 helmet.
  2476 | D:3      | 2476 ||| UPGRADING to amulet of the acrobat.
  2481 | D:3      | 2481 ||| READING scroll labelled PODIAQ JAOVUTA.
  2533 | D:4      | Noticed Blork the orc
  2539 | D:4      | Killed Blork the orc
  2540 | D:4      | Reached skill level 5 in Axes
  2540 | D:4      | Reached XP level 5. HP: 32/32 MP: 5/5
  2550 | D:4      | 2550 ||| Stepping ~*~*~tactically~*~*~ (stealth).
  2615 | D:4      | Found a radiant altar of Vehumet.
  2623 | D:4      | 2623 ||| Stepping ~*~*~tactically~*~*~ (stealth).
  2642 | D:4      | Reached XP level 6. HP: 38/38 MP: 6/6
  2665 | D:4      | 2665 ||| Stepping ~*~*~tactically~*~*~ (stealth).
  2703 | D:4      | Noticed Edmund
  2720 | D:4      | Killed Edmund
  2798 | D:4      | 2798 ||| DROPPING +0 mace.
  2830 | D:4      | Found an ancient bone altar of Kikubaaqudgha.
  2891 | D:4      | Noticed Grinder
  2892 | D:4      | 2892 ||| FLEEEEING.
  2893 | D:4      | 2893 ||| FLEEEEING.
  2895 | D:4      | 2895 ||| FLEEEEING.
  2896 | D:4      | 2896 ||| FLEEEEING.
  2897 | D:4      | 2897 ||| FLEEEEING.
  2898 | D:4      | 2898 ||| FLEEEEING.
  2899 | D:4      | 2899 ||| FLEEEEING.
  2908 | D:4      | 2908 ||| FLEEEEING.
  2910 | D:4      | 2910 ||| FLEEEEING.
  2911 | D:4      | 2911 ||| FLEEEEING.
  2916 | D:4      | 2916 ||| FLEEEEING.
  2926 | D:4      | 2926 ||| FLEEEEING.
  2927 | D:4      | 2927 ||| STAIRDANCE
  2992 | D:3      | 2992 ||| READING scroll labelled ODULAO YDEIGH.
  3018 | D:4      | Killed Grinder
  3019 | D:4      | Reached skill level 6 in Axes
  3019 | D:4      | Reached XP level 7. HP: 33/43 MP: 7/7
  3025 | D:4      | 3025 ||| Stepping ~*~*~tactically~*~*~ (stealth).
  3081 | D:4      | Reached skill level 1 in Dodging
  3240 | D:4      | 3240 ||| UPGRADING to +0 pair of gloves.
  3259 | D:5      | Entered Level 5 of the Dungeon
  3260 | D:5      | 3260 ||| STAIRDANCE
  3426 | D:5      | Reached skill level 7 in Axes
  3510 | D:5      | HP: 7/44 [gnoll/+0 halberd (5)]
  3511 | D:5      | 3511 ||| READING 3 scrolls of teleportation.
  3512 | D:5      | HP: 1/44 [gnoll/+0 spear (5)]
  3514 | D:5      | 3514 ||| READING 2 scrolls of teleportation.
  3517 | D:5      | 3517 ||| READING scroll of teleportation.
  3517 | D:5      | Slain by a gnoll

Levels and vault maps discovered:
D:1:      pf_arrival_petrified_forest, layout_basic
D:2:      cheibrodos_old_hovel, layout_rooms, shapermc_ecumenical_altar_pompeii,
          serial_park_tiny_pond
D:3:      layout_basic, jmf_multi_god_temple2, mainiacjoe_overflow_paths,
          lemuel_round_altar, ebering_ghost_disaster_area
D:4:      layout_rooms, lemuel_zombie_altar_kikubaaqudgha,
          nicolae_overflow_crystal_walls, uniq_edmund, uniq_grinder,
          uniq_blork_the_orc
D:5:      layout_loops_corners, mainiacjoe_overflow_boulevard,
          kennysheep_generic_room_6

Skill      XL: |  1  2  3  4  5  6  7 |
---------------+----------------------+-----
Axes           | 2 3 5 6 7 |  7.0
Fighting       | 4 5 |  5.3
Dodging        | 1 |  1.2
Throwing       | |  0.5
Armour         | |  3.2
Shields        | |  3.2

Action                   |  1- 3 |  4- 6 |  7- 9 || total
-------------------------+-------+-------+-------++-------
Melee: War axe           |   131 |    59 |    32 ||   222
Throw: Boomerang         |       |    31 |     9 ||    40
  Use: Scroll            |     5 |     2 |     3 ||    10
       Potion            |     2 |       |       ||     2
Armor: Scale mail        |    24 |       |       ||    24
       Chain mail        |    35 |    35 |    59 ||   129
Dodge: Dodged            |    44 |    22 |    31 ||    97
Block: Buckler           |    41 |     8 |    16 ||    65

Table legend:
 A = Non-vault XP
 B = Vault XP
 C = Vault XP percentage of total XP
 D = Non-vault monster count
 E = Vault monster count
 F = Vault count percentage of total count
                 A         B        C        D         E       F
            +---------+---------+-------+---------+---------+-------
      Total |     655 |     528 |  44.6 |      67 |       9 |  11.8
            +---------+---------+-------+---------+---------+-------
        D:1 |      29 |       0 |   0.0 |      17 |       0 |   0.0
        D:2 |      44 |       1 |   2.2 |      14 |       1 |   6.7
        D:3 |      59 |       0 |   0.0 |      12 |       0 |   0.0
        D:4 |     194 |     527 |  73.1 |      12 |       8 |  40.0
        D:5 |     329 |       0 |   0.0 |      12 |       0 |   0.0
            +---------+---------+-------+---------+---------+-------
